[Event "RUS-IND U14 Match 2019"]
[Site "Sochi"]
[Date "2019.06.06"]
[Round "1.39"]
[White "Ravi Teja R"]
[Black "Kirchei, Viktoriia"]
[Result "1/2-1/2"]
[ECO "C41"]
[WhiteElo "1047"]
[BlackElo "2026"]
[Annotator "NA RC"]
[PlyCount "116"]
[EventDate "2019.06.02"]
[EventType "team-tourn"]
[EventCountry "RUS"]
[SourceTitle "playchess.com"]
[Source "ChessBase"]
[SourceQuality "1"]
[WhiteTeam "India"]
[BlackTeam "Russia"]
[WhiteTeamCountry "IND"]
[TimeControl "5400+30"]

1. e4 d6 2. d4 Nf6 3. Nc3 e5 4. Nf3 Nbd7 5. Bc4 Be7 6. O-O O-O 7. h3 a6 8. a4 b6 9. Re1 Bb7 10. dxe5 dxe5 11. Nd5 Nxd5 12. Bxd5 c6 13. Ba2 Qc7 14. c3 Rad8 15. Qc2 a5 16. Bc4 Nc5 17. Be3 Ba6 18. Bxa6 Nxa6 19. Rad1 Nc5 20. Bxc5 Bxc5 21. Rxd8 Rxd8 22. Rd1 Rxd1+ 23. Qxd1 Qd6 24. Qe2 g6 25. Nd2 Qc7 26. Kf1 Bf8 27. Qc4 Bh6 28. Nf3 Qd6 29. Ke2 Bc1 30. b3 Kg7 31. Qd3 Ba3 32. Qxd6 Bxd6 33. Kd3 Kf6 34. Ne1 Bc5 35. f3 b5 36. Nc2 bxa4 37. bxa4 Ke6 38. Na1 Kd6 39. Nb3 Bb6 40. Kc4 h6 41. Kd3 Bc7 42. Nd2 f6 43. Nc4+ Kc5 44. Ne3 Bd8 45. h4 Be7 46. h5 gxh5 47. Nf5 Bf8 48. Ng3 Kd6 49. Nxh5 Ke6 50. Ng3 Kd7 51. Nf5 Ke6 52. Ke2 Kf7 53. Ne3 Bd6 54. Nc4 Bc7 55. Ne3 Bd6 56. Nf5 Bf8 57. Kf2 Bc5+ 58. Ke2 Bf8 1/2-1/2

[Event "RUS-IND U14 Match 2019"]
[Site "Sochi"]
[Date "2019.06.06"]
[Round "2.37"]
[White "Murzin, Volodar"]
[Black "Mendonca, Leon Luke"]
[Result "1-0"]
[ECO "B52"]
[WhiteElo "2418"]
[BlackElo "2405"]
[Annotator "RC"]
[PlyCount "71"]
[EventDate "2019.06.02"]
[EventType "team-tourn"]
[EventCountry "RUS"]
[SourceTitle "playchess.com"]
[Source "ChessBase"]
[SourceQuality "1"]
[WhiteTeam "Russia"]
[BlackTeam "India"]
[WhiteTeamCountry "RUS"]
[BlackTeamCountry "IND"]
[TimeControl "5400+30"]

1. e4 c5 2. Nf3 d6 3. Bb5+ Bd7 4. Bxd7+ Qxd7 5. O-O Nc6 6. c3 Nf6 7. d4 Nxe4 8. d5 Nd8 9. Re1 Nf6 10. Bg5 h6 11. Bxf6 gxf6 12. Nbd2 f5 13. Nh4 Rg8 14. Qf3 Rg5 15. g3 e5 16. dxe6 fxe6 17. Nxf5 Qf7 18. Ne3 Qxf3 19. Nxf3 Rg8 20. Rad1 Be7 21. Nc4 Kd7 22. Nce5+ Kc7 23. Nd3 Bf6 24. Nf4 Kd7 25. Nd2 Be7 26. Nc4 Rb8 27. Ng6 Nf7 28. Nge5+ Nxe5 29. Nxe5+ Kc7 30. Nd3 e5 31. f4 Rbd8 32. fxe5 d5 33. Rf1 Rgf8 34. Nf4 Kc6 35. Kg2 Bg5 36. Ne6 1-0

[Event "RUS-IND U14 Match 2019"]
[Site "Sochi"]
[Date "2019.06.06"]
[Round "2.40"]
[White "Nur-Mukhametova, Alisa"]
[Black "Ravi Teja R"]
[Result "1-0"]
[ECO "B53"]
[WhiteElo "1983"]
[BlackElo "1047"]
[Annotator "NA RC"]
[PlyCount "119"]
[EventDate "2019.06.02"]
[EventType "team-tourn"]
[EventCountry "RUS"]
[SourceTitle "playchess.com"]
[Source "ChessBase"]
[SourceQuality "1"]
[WhiteTeam "Russia"]
[BlackTeam "India"]
[WhiteTeamCountry "RUS"]
[BlackTeamCountry "IND"]
[TimeControl "5400+30"]

1. e4 c5 2. Nf3 d6 3. d4 Nf6 4. Nc3 cxd4 5. Qxd4 Nc6 6. Bb5 Bd7 7. Bxc6 Bxc6 8. Bg5 h6 9. Bxf6 gxf6 10. O-O-O Qa5 11. Kb1 Rg8 12. Nh4 Rc8 13. g3 Bd7 14. f4 f5 15. e5 Bg7 16. Qd3 Rxc3 17. Qxc3 Qxc3 18. bxc3 dxe5 19. fxe5 Bxe5 20. Rd3 Bd6 21. Re1 Kf8 22. Nf3 Bc6 23. Nd4 Be4 24. Rde3 e6 25. Kb2 Kg7 26. Nb3 Rc8 27. Nd2 Bc6 28. Rd3 Be7 29. Nb3 Bf6 30. Nd4 Be4 31. Rdd1 a6 32. g4 Kh7 33. gxf5 Bxf5 34. Re3 Bg6 35. Nb3 Rc7 36. Rd6 Be7 37. Rb6 Rd7 38. Re2 Bf6 39. Re3 Be7 40. Re2 Bd8 41. Rb4 Rc7 42. a4 Bf6 43. Re3 Bg7 44. Na5 Rd7 45. Re2 Bh5 46. Rf2 Rc7 47. Rc4 Rd7 48. Nb3 b5 49. axb5 axb5 50. Rb4 Rd5 51. Nd4 Rc5 52. Nxb5 f5 53. Nd4 Kg6 54. Rg2+ Bg4 55. h3 e5 56. Nb3 Rc8 57. hxg4 f4 58. Nd2 Rf8 59. Nf3 Rc8 60. Re4 1-0

[Event "RUS-IND U14 Match 2019"]
[Site "Sochi"]
[Date "2019.06.06"]
[Round "3.40"]
[White "Ravi Teja R"]
[Black "Nur-Mukhametova, Alisa"]
[Result "1-0"]
[ECO "C03"]
[WhiteElo "1047"]
[BlackElo "1983"]
[Annotator "NA RC"]
[PlyCount "71"]
[EventDate "2019.06.02"]
[EventType "team-tourn"]
[EventCountry "RUS"]
[SourceTitle "playchess.com"]
[Source "ChessBase"]
[SourceQuality "1"]
[WhiteTeam "India"]
[BlackTeam "Russia"]
[WhiteTeamCountry "IND"]
[BlackTeamCountry "RUS"]
[TimeControl "5400+30"]

1. e4 e6 2. d4 d5 3. Nd2 Be7 4. e5 c5 5. c3 Nc6 6. Bd3 Nh6 7. Ndf3 cxd4 8. cxd4 Nf5 9. Ne2 O-O 10. O-O Bd7 11. a3 Rc8 12. b4 b5 13. Rb1 Qb6 14. g4 Nh4 15. Nxh4 Bxh4 16. g5 h6 17. gxh6 g6 18. Be3 Kh7 19. Nf4 Bg5 20. Nh5 Bxe3 21. Nf6+ Kh8 22. fxe3 Qd8 23. Qf3 Rc7 24. Rbc1 Bc8 25. h4 a6 26. Kh2 Bb7 27. h5 Qe7 28. Rg1 Qd8 29. Bxg6 fxg6 30. hxg6 Rg7 31. hxg7+ Kxg7 32. Kg3 Ne7 33. Rh1 Nf5+ 34. Kf2 Rh8 35. Rxh8 Kxh8 36. Qh5+ 1-0

[Event "RUS-IND U14 Match 2019"]
[Site "Sochi"]
[Date "2019.06.06"]
[Round "4.3"]
[White "Kirchei, Viktoriia"]
[Black "Ravi Teja R"]
[Result "0-1"]
[ECO "C63"]
[WhiteElo "2026"]
[BlackElo "1047"]
[Annotator "NA RC"]
[PlyCount "70"]
[EventDate "2019.06.02"]
[EventType "team-tourn"]
[EventCountry "RUS"]
[SourceTitle "playchess.com"]
[Source "ChessBase"]
[SourceQuality "1"]
[WhiteTeam "Russia"]
[BlackTeam "India"]
[BlackTeamCountry "IND"]
[TimeControl "5400+30"]

1. e4 e5 2. Nf3 Nc6 3. Bb5 f5 4. d3 fxe4 5. dxe4 Nf6 6. O-O Nxe4 7. Re1 d5 8. Nxe5 Qf6 9. Nd3 Bd6 10. Qh5+ Qf7 11. Qxf7+ Kxf7 12. c4 Nd4 13. Ba4 Bf5 14. cxd5 b5 15. Be3 bxa4 16. Bxd4 Rhe8 17. Na3 Nf6 18. Ne5+ Kg8 19. Nb5 Nxd5 20. Nxd6 cxd6 21. Nc4 Red8 22. Rad1 Rac8 23. Na5 Nf4 24. Bxa7 Rc2 25. Bd4 Rb8 26. Bc3 Ne2+ 27. Kf1 Nxc3 28. bxc3 Rbb2 29. Nc4 Rxf2+ 30. Kg1 Rxg2+ 31. Kh1 Rxh2+ 32. Kg1 Rbg2+ 33. Kf1 Bh3 34. Re8+ Kf7 35. Nxd6+ Kg6 0-1

[Event "RUS-IND U14 Match 2019"]
[Site "Sochi"]
[Date "2019.06.06"]
[Round "5.2"]
[White "Mendonca, Leon Luke"]
[Black "Tsvetkov, Andrey"]
[Result "1-0"]
[ECO "A00"]
[WhiteElo "2405"]
[BlackElo "2323"]
[Annotator "RC"]
[PlyCount "107"]
[EventDate "2019.06.02"]
[EventType "team-tourn"]
[EventCountry "RUS"]
[SourceTitle "playchess.com"]
[Source "ChessBase"]
[SourceQuality "1"]
[WhiteTeam "India"]
[BlackTeam "Russia"]
[WhiteTeamCountry "IND"]
[BlackTeamCountry "RUS"]
[TimeControl "5400+30"]

1. Nf3 d5 2. b4 e6 3. Bb2 Nf6 4. a3 a5 5. b5 c5 6. e3 Bd6 7. d3 O-O 8. Nbd2 Nbd7 9. c4 b6 10. Be2 Bb7 11. O-O Qe7 12. Re1 Rad8 13. Qc2 Rfe8 14. h3 e5 15. cxd5 Nxd5 16. Bf1 Bb8 17. Rad1 Nc7 18. d4 e4 19. Ne5 Nd5 20. Nc6 Bxc6 21. bxc6 Qd6 22. g3 Qxc6 23. Nxe4 Qg6 24. Bg2 cxd4 25. Rxd4 N7f6 26. Red1 Rc8 27. Nxf6+ Qxf6 28. Qb3 Ne7 29. Rb4 Qf5 30. Rxb6 Rc2 31. Rf1 Ba7 32. g4 Qc8 33. Rb7 Rc7 34. Rxc7 Qxc7 35. Qc3 Qxc3 36. Bxc3 Bc5 37. a4 Bb4 38. Bxb4 axb4 39. a5 Rb8 40. a6 Nc8 41. Bb7 Na7 42. Rb1 Rd8 43. Rxb4 Rd6 44. Rd4 Rxd4 45. exd4 Kf8 46. Kg2 Nb5 47. Bc6 Na7 48. Bd5 Ke7 49. Kf3 g5 50. Ke4 f6 51. Bb7 Kd6 52. Kd3 Nb5 53. Kc4 Na7 54. Kb4 1-0

[Event "RUS-IND U14 Match 2019"]
[Site "Sochi"]
[Date "2019.06.06"]
[Round "5.3"]
[White "Ravi Teja R"]
[Black "Kirchei, Viktoriia"]
[Result "1-0"]
[ECO "B23"]
[WhiteElo "1047"]
[BlackElo "2026"]
[Annotator "NA RC"]
[PlyCount "83"]
[EventDate "2019.06.02"]
[EventType "team-tourn"]
[EventCountry "RUS"]
[SourceTitle "playchess.com"]
[Source "ChessBase"]
[SourceQuality "1"]
[WhiteTeam "India"]
[BlackTeam "Russia"]
[WhiteTeamCountry "IND"]
[TimeControl "5400+30"]

1. e4 c5 2. Nc3 Nc6 3. Bb5 e5 4. Bxc6 (4. Nge2 Bd6 5. a3 Nge7 6. Bc4 a6 7. O-O b5 8. Ba2 O-O 9. d3 Nd4 10. f4 Nxe2+ 11. Qxe2 exf4 {1-0 (39) Asis Gargatagli,H (2529)-Fluvia Poyatos,J (2493) Barcelona 2018}) 4... bxc6 5. d3 d6 6. f4 {[%emt 0:03:46] B23: Closed Sicilian: Lines without g3} exf4 7. Bxf4 Rb8 8. b3 g6 $146 ({Predecessor:} 8... g5 9. Be3 Bg7 10. Nge2 Bg4 11. d4 Qe7 12. Qd2 Nf6 13. Bxg5 {½-½ (31) Staf,G (2016)-Saule,Z (2057) ICCF email 2008}) 9. Nf3 Bg7 10. Bd2 Bg4 11. O-O Ne7 12. Qe1 h6 13. Qh4 Qd7 14. Rae1 g5 15. Qg3 Bxf3 16. Qxf3 Ng6 ({Black should play} 16... O-O $1 $14) 17. Ne2 Ne5 18. Qh5 Qg4 19. Qxg4 Nxg4 20. h3 Ne5 21. Ng3 Ng6 22. Nf5 Be5 23. c3 Rd8 24. d4 Bf4 25. Bxf4 Nxf4 26. e5 d5 27. Nd6+ Ke7 28. g3 Nh5 29. Rxf7+ Ke6 30. Rc7 cxd4 31. cxd4 Nxg3 32. Rxc6 Kd7 33. Ra6 Ra8 34. Kh2 Nh5 35. Nf5 Rhf8 36. Rd6+ Ke8 $18 37. Rxh6 Rxf5 38. Rxh5 Ke7 39. Rh7+ Ke6 40. Rc1 Rf2+ 41. Kg3 Rxa2 42. Rf1 1-0

[Event "RUS-IND U14 Match 2019"]
[Site "Sochi"]
[Date "2019.06.07"]
[Round "6.1"]
[White "Murzin, Volodar"]
[Black "Mendonca, Leon Luke"]
[Result "1/2-1/2"]
[ECO "B90"]
[WhiteElo "2418"]
[BlackElo "2405"]
[Annotator "ChessBase"]
[PlyCount "63"]
[EventDate "2019.06.02"]
[EventType "team-tourn"]
[EventCountry "RUS"]
[SourceTitle "playchess.com"]
[Source "ChessBase"]
[SourceQuality "1"]
[WhiteTeam "Russia"]
[BlackTeam "India"]
[WhiteTeamCountry "RUS"]
[BlackTeamCountry "IND"]
[TimeControl "5400+30"]

1. e4 c5 2. Nf3 d6 3. d4 cxd4 4. Nxd4 Nf6 5. Nc3 a6 6. h3 e5 7. Nb3 Be6 8. f4 Qc7 9. f5 Bc4 10. Bxc4 Qxc4 11. Qd3 Qxd3 12. cxd3 Nbd7 13. Bg5 d5 14. exd5 Bb4 15. O-O Bxc3 16. bxc3 Nxd5 17. Bd2 a5 18. c4 Nb4 19. Nxa5 Nxd3 20. Nxb7 O-O 21. Rf3 N7c5 22. Nxc5 Nxc5 23. f6 Ne4 24. fxg7 Rfc8 25. Bb4 Rxc4 26. Bf8 Rd8 27. Re1 Rd2 28. Rfe3 Rcc2 29. Rxe4 Rxg2+ 30. Kh1 Rh2+ 31. Kg1 Rhg2+ 32. Kh1 1/2-1/2

[Event "RUS-IND U14 Match 2019"]
[Site "Sochi"]
[Date "2019.06.07"]
[Round "6.2"]
[White "Tsvetkov, Andrey"]
[Black "Gukesh D"]
[Result "0-1"]
[ECO "E73"]
[WhiteElo "2323"]
[BlackElo "2543"]
[Annotator "ChessBase"]
[PlyCount "100"]
[EventDate "2019.06.02"]
[EventType "team-tourn"]
[EventCountry "RUS"]
[SourceTitle "playchess.com"]
[Source "ChessBase"]
[SourceQuality "1"]
[WhiteTeam "Russia"]
[BlackTeam "India"]
[WhiteTeamCountry "RUS"]
[BlackTeamCountry "IND"]
[TimeControl "5400+30"]

1. d4 Nf6 2. c4 g6 3. Nc3 Bg7 4. e4 d6 5. Be2 O-O 6. Be3 e5 7. d5 Na6 8. h4 Nc5 9. Qc2 h5 10. f3 a5 11. O-O-O Bd7 12. Nh3 Qb8 13. Nf2 c6 14. Qd2 Rc8 15. Bxc5 dxc5 16. g4 a4 17. g5 Ne8 18. Qe3 a3 19. b3 b6 20. Rd2 Nc7 21. Rhd1 Na6 22. Bf1 Kh7 23. Qe2 Nb4 24. dxc6 Be6 25. c7 Rxc7 26. Nd5 Rc8 27. Nxb4 cxb4 28. Kb1 Ra7 29. Nd3 Bf8 30. Qh2 Bd6 31. Nf4 exf4 32. Rxd6 b5 33. Qxf4 Rd7 34. Qd2 Rxd6 35. Qxd6 Qa7 36. Qd4 Qc7 37. c5 Qh2 38. Qd2 Qg3 39. Qe3 Qxh4 40. Bxb5 Qh2 41. Be2 h4 42. Rc1 h3 43. c6 Qe5 44. Qd2 Rd8 45. Qc2 Qxg5 46. c7 Rd2 47. c8=Q Bxc8 48. Qxc8 Rb2+ 49. Ka1 Qe5 50. Qxh3+ Kg7 0-1

[Event "RUS-IND U14 Match 2019"]
[Site "Sochi"]
[Date "2019.06.07"]
[Round "6.3"]
[White "Kirchei, Viktoriia"]
[Black "Savitha Shri B"]
[Result "0-1"]
[ECO "B53"]
[WhiteElo "2026"]
[BlackElo "2144"]
[Annotator "ChessBase"]
[PlyCount "96"]
[EventDate "2019.06.02"]
[EventType "team-tourn"]
[EventCountry "RUS"]
[SourceTitle "playchess.com"]
[Source "ChessBase"]
[SourceQuality "1"]
[WhiteTeam "Russia"]
[BlackTeam "India"]
[BlackTeamCountry "IND"]
[TimeControl "5400+30"]

1. e4 c5 2. Nf3 d6 3. d4 cxd4 4. Qxd4 Nc6 5. Bb5 a6 6. Bxc6+ bxc6 7. c4 e5 8. Qd3 Ne7 9. Nc3 Ng6 10. Be3 Be6 11. Rd1 Bg4 12. Bg5 Qc7 13. h3 Be6 14. Nh4 Nxh4 15. Bxh4 f6 16. Bg3 Be7 17. f4 O-O 18. f5 Bf7 19. Bf2 Rad8 20. O-O Rd7 21. Na4 Qb8 22. b3 Rfd8 23. Bb6 Re8 24. Rf2 Rb7 25. Ba5 d5 26. c5 Rb5 27. b4 Bd8 28. Bxd8 Rxb4 29. Bxf6 gxf6 30. Nb6 Rxe4 31. Qxa6 Qc7 32. Rf3 Kh8 33. Rg3 Rf4 34. Nxd5 Bxd5 35. Rxd5 Rd4 36. Rxd4 exd4 37. Qd3 Qf4 38. Rf3 Qc1+ 39. Kh2 Qxc5 40. Rf4 Rd8 41. Re4 Qd6+ 42. g3 c5 43. Re6 Qd5 44. Rxf6 Qxa2+ 45. Kg1 Rb8 46. Rf8+ Rxf8 47. Qe4 Qa1+ 48. Kf2 Qb2+ 0-1

[Event "RUS-IND U14 Match 2019"]
[Site "Sochi"]
[Date "2019.06.07"]
[Round "6.4"]
[White "Nur-Mukhametova, Alisa"]
[Black "Ravi Teja R"]
[Result "1/2-1/2"]
[ECO "B01"]
[WhiteElo "1983"]
[BlackElo "1047"]
[Annotator "NA"]
[PlyCount "97"]
[EventDate "2019.06.02"]
[EventType "team-tourn"]
[EventCountry "RUS"]
[SourceTitle "playchess.com"]
[Source "ChessBase"]
[SourceQuality "1"]
[WhiteTeam "Russia"]
[BlackTeam "India"]
[WhiteTeamCountry "RUS"]
[BlackTeamCountry "IND"]
[TimeControl "5400+30"]

1. e4 d5 2. exd5 Nf6 3. d4 Bg4 4. Be2 Bxe2 5. Qxe2 Qxd5 6. Nf3 Nc6 7. O-O O-O-O {[%emt 0:02:45] B01: Scandinavian Defence} 8. Rd1 Qh5 9. c4 e6 10. Nc3 h6 (10... Bd6 11. c5 Be7 12. Be3 Nd5 13. Rab1 Bf6 14. Ne4 Qg6 15. Ng3 h5 16. h3 Nxe3 17. Qxe3 Nxd4 18. Ne4 Nxf3+ 19. Qxf3 {0-1 (27) McShane,L (2651)-Vlassov,N (2476) playchess.com INT 2004}) 11. Bf4 g5 12. Be5 Bg7 $146 ({Predecessor:} 12... Nxe5 13. Qxe5 Qg6 14. Qa5 a6 15. Ne5 Qf5 16. b4 Bd6 17. Nxf7 Bxh2+ {½-½ (62) Dodaj,G (1942)-Hankinson,C (2115) Lansing 2002}) 13. Bxf6 Bxf6 14. d5 Ne5 15. Nxe5 Qxe2 16. Nxe2 Bxe5 17. Nc3 Bxc3 18. bxc3 e5 (18... Rd6 $17 19. Rd4 Rhd8) 19. c5 Kd7 20. a4 b6 21. cxb6 cxb6 22. a5 {[%emt 0:01:29] [#]} b5 $1 23. Rab1 Rb8 24. g4 a6 25. Rd3 Kd6 26. Rf3 Ke7 27. Rb4 $17 (27. d6+ $15 Ke6 28. Rd1) 27... Rbc8 28. Kf1 Rc5 29. Ke2 Rxd5 30. c4 Rd4 31. Rfb3 Rxc4 32. Rxc4 bxc4 33. Rb6 Rc8 34. Rxa6 f6 35. Kd2 Rc7 36. Kc3 Rc5 37. h3 Kf7 38. Ra7+ Ke6 39. a6 Kd5 40. Rd7+ Ke6 41. Rb7 Ra5 42. a7 Ra4 43. Rc7 Kd5 44. Rd7+ Kc6 45. Rf7 Kc5 46. Rc7+ Kb6 47. Rf7 Kc5 48. Rc7+ Kd5 49. Rd7+ 1/2-1/2

[Event "RUS-IND U14 Match 2019"]
[Site "Sochi"]
[Date "2019.06.08"]
[Round "7.1"]
[White "Mendonca, Leon Luke"]
[Black "Murzin, Volodar"]
[Result "1/2-1/2"]
[ECO "D02"]
[WhiteElo "2405"]
[BlackElo "2418"]
[Annotator "NA"]
[PlyCount "100"]
[EventDate "2019.06.02"]
[EventType "team-tourn"]
[EventCountry "RUS"]
[SourceTitle "playchess.com"]
[Source "ChessBase"]
[SourceQuality "1"]
[WhiteTeam "India"]
[BlackTeam "Russia"]
[WhiteTeamCountry "IND"]
[BlackTeamCountry "RUS"]
[TimeControl "5400+30"]

1. Nf3 d5 2. d4 Nf6 3. Bf4 g6 4. e3 Bg7 5. Be2 O-O 6. h3 c5 7. c3 Nc6 8. Nbd2 Bf5 9. O-O Re8 10. Qb3 Na5 11. Qa4 Bd7 12. Qa3 cxd4 13. cxd4 Bf8 14. Ne5 e6 15. Qd3 a6 16. Nxd7 Nxd7 17. a3 Nb6 18. b4 Nac4 19. Nb3 Bd6 20. Bxd6 Nxd6 21. a4 Nbc4 22. a5 f5 23. Nc5 Kh8 24. Qc2 Qe7 25. Rfb1 Rac8 26. Bxc4 dxc4 27. Rd1 Qg7 28. Qc3 g5 29. Ra2 Re7 30. Re2 h6 31. e4 fxe4 32. Rde1 Kg8 33. Kh1 Qf7 34. Nxe4 Nb5 35. Qe3 Rd8 36. Rd2 Red7 37. Nc5 Rxd4 38. Rxd4 Nxd4 39. Rd1 Nc6 40. Rxd8+ Nxd8 41. Qd4 Nc6 42. Qxc4 Qxf2 43. Qxe6+ Qf7 44. Qxh6 Qf1+ 45. Kh2 Qf4+ 46. Kh1 Qf1+ 47. Kh2 Qf4+ 48. Kg1 Qd4+ 49. Kh1 Qa1+ 50. Kh2 Qe5+ 1/2-1/2

[Event "RUS-IND U14 Match 2019"]
[Site "Sochi"]
[Date "2019.06.08"]
[Round "7.2"]
[White "Gukesh D"]
[Black "Tsvetkov, Andrey"]
[Result "0-1"]
[ECO "B25"]
[WhiteElo "2543"]
[BlackElo "2323"]
[Annotator "ChessBase"]
[PlyCount "90"]
[EventDate "2019.06.02"]
[EventType "team-tourn"]
[EventCountry "RUS"]
[SourceTitle "playchess.com"]
[Source "ChessBase"]
[SourceQuality "1"]
[WhiteTeam "India"]
[BlackTeam "Russia"]
[WhiteTeamCountry "IND"]
[BlackTeamCountry "RUS"]
[TimeControl "5400+30"]

1. e4 c5 2. Nc3 d6 3. Nge2 Nf6 4. g3 g6 5. Bg2 Bg7 6. O-O O-O 7. d3 Nc6 8. Bg5 Rb8 9. Qd2 b5 10. Bh6 b4 11. Nd5 Bxh6 12. Qxh6 Ng4 13. Qd2 e6 14. Ndf4 Nge5 15. Nh3 Nd4 16. Nxd4 cxd4 17. f3 Qc7 18. Nf2 Bb7 19. f4 Nd7 20. Rac1 Rfc8 21. g4 Qc5 22. h4 f5 23. Kh2 Nf6 24. Qe2 Kf7 25. Bf3 Re8 26. Rg1 Rbc8 27. Nh3 fxe4 28. dxe4 Kg8 29. Nf2 Qc4 30. Qe1 a5 31. g5 Nd7 32. h5 Rf8 33. Qd2 d5 34. Be2 Qc7 35. Nh3 dxe4 36. Qxd4 e5 37. fxe5 Nxe5 38. Rg3 Rcd8 39. Qe3 Rf3 40. Bxf3 Nxf3+ 41. Kg2 Nh4+ 42. Kh2 Rd2+ 43. Kg1 Nf5 44. Qxd2 Qxg3+ 45. Qg2 Qe3+ 0-1

[Event "RUS-IND U14 Match 2019"]
[Site "Sochi"]
[Date "2019.06.08"]
[Round "7.3"]
[White "Savitha Shri B"]
[Black "Kirchei, Viktoriia"]
[Result "0-1"]
[ECO "C01"]
[WhiteElo "2144"]
[BlackElo "2026"]
[Annotator "NA"]
[PlyCount "84"]
[EventDate "2019.06.02"]
[EventType "team-tourn"]
[EventCountry "RUS"]
[SourceTitle "playchess.com"]
[Source "ChessBase"]
[SourceQuality "1"]
[WhiteTeam "IND"]
[BlackTeam "RUS"]
[WhiteTeamCountry "IND"]
[BlackTeamCountry "RUS"]
[TimeControl "5400+30"]

1. e4 e6 2. d4 d5 3. Bd3 dxe4 4. Bxe4 Nf6 5. Bf3 c5 6. Ne2 Be7 7. O-O O-O 8. Nbc3 cxd4 9. Nxd4 e5 10. Ndb5 Nc6 11. Be3 Bf5 12. Qxd8 Rfxd8 13. Nc7 Rac8 14. N7d5 Nxd5 15. Nxd5 Bf8 16. c4 Bd3 17. Rfc1 f5 18. Bg5 Rd7 19. Be3 f4 20. Bg4 fxe3 21. Bxd7 exf2+ 22. Kxf2 Bc5+ 23. Kg3 Rf8 24. h3 Nd4 25. Kh2 e4 26. Bg4 g6 27. Rd1 h5 28. Bd7 Ne2 29. Rf1 Bd6+ 30. g3 Nxg3 31. Rxf8+ Kxf8 32. c5 Be5 33. Kg2 Bc4 34. Ne3 Be2 35. Kf2 h4 36. Bg4 Bd3 37. Kg2 Bxb2 38. Rd1 Bd4 39. Nd5 Be5 40. Nb4 Bb5 41. Re1 Bc3 42. Rxe4 Nxe4 0-1

[Event "RUS-IND U14 Match 2019"]
[Site "Sochi"]
[Date "2019.06.08"]
[Round "7.4"]
[White "Rakshitta Ravi"]
[Black "Nur-Mukhametova, Alisa"]
[Result "0-1"]
[ECO "B80"]
[WhiteElo "2111"]
[BlackElo "1983"]
[Annotator "NA"]
[PlyCount "112"]
[EventDate "2019.06.02"]
[EventType "team-tourn"]
[EventCountry "RUS"]
[SourceTitle "playchess.com"]
[Source "ChessBase"]
[SourceQuality "1"]
[WhiteTeam "India"]
[BlackTeam "Russia"]
[WhiteTeamCountry "IND"]
[BlackTeamCountry "RUS"]
[TimeControl "5400+30"]

1. e4 c5 2. Nc3 e6 3. Nge2 Nf6 4. d4 cxd4 5. Nxd4 d6 6. g3 Be7 7. Bg2 O-O 8. O-O Nc6 9. Re1 Qc7 10. Ncb5 Qb8 11. c4 a6 12. Nxc6 bxc6 13. Nd4 Bb7 14. e5 dxe5 15. Nxc6 Bxc6 16. Bxc6 Ra7 17. Qe2 Bb4 18. Rd1 Bc5 19. Rb1 Qb6 20. Bf3 a5 21. b3 Nd7 22. a3 Bd4 23. b4 Nc5 24. Bd2 axb4 25. axb4 Na4 26. c5 Qc7 27. Rdc1 Rd8 28. b5 Bxc5 29. Be3 Qb6 30. Rxc5 Nxc5 31. Rc1 Rd4 32. Bxd4 exd4 33. Qe5 Rc7 34. Bc6 Nd7 35. Ra1 Nb8 36. Ra8 Rc8 37. Qd6 Rd8 38. Qe7 Rf8 39. Be8 e5 40. Qxe5 Nd7 41. Qe7 Qe6 42. Qd8 Nf6 43. Bc6 Nd7 44. Bxd7 Qe1+ 45. Kg2 Qe4+ 46. Kh3 Qxa8 47. Qxa8 Rxa8 48. Kg2 Rd8 49. Bg4 d3 50. Kf1 d2 51. Bd1 Re8 52. Be2 Rb8 53. Bd1 Rxb5 54. Ke2 Rd5 55. Bb3 Rd8 56. h4 h5 0-1

[Event "RUS-IND U14 Match 2019"]
[Site "Sochi"]
[Date "2019.06.09"]
[Round "8.3"]
[White "Kirchei, Viktoriia"]
[Black "Rakshitta Ravi"]
[Result "0-1"]
[ECO "C47"]
[WhiteElo "2026"]
[BlackElo "2111"]
[Annotator "NA"]
[PlyCount "64"]
[EventDate "2019.06.02"]
[EventType "team-tourn"]
[EventCountry "RUS"]
[SourceTitle "playchess.com"]
[Source "ChessBase"]
[SourceQuality "1"]
[WhiteTeam "RUS"]
[BlackTeam "IND"]
[BlackTeamCountry "IND"]
[TimeControl "5400+30"]

1. e4 e5 2. Nf3 Nc6 3. Nc3 Nf6 4. Be2 d5 5. exd5 Nxd5 6. O-O Bc5 7. Bb5 Bg4 8. h3 Bh5 9. Ne4 Bd6 10. Ng3 Bg6 11. Re1 O-O 12. Bxc6 bxc6 13. d3 Re8 14. h4 h6 15. h5 Bh7 16. Nd2 f5 17. Nc4 Qf6 18. a3 Rad8 19. b3 e4 20. Bb2 Qg5 21. Nxd6 Rxd6 22. dxe4 fxe4 23. Qe2 e3 24. Bd4 exf2+ 25. Qxf2 Rf8 26. Re5 Qg4 27. Nf5 Bxf5 28. Rf1 Rdf6 29. Bc5 Be4 30. Bxf8 Rxf2 31. Rxf2 Ne3 32. Bc5 Qd1+ 0-1

[Event "RUS-IND U14 Match 2019"]
[Site "Sochi"]
[Date "2019.06.09"]
[Round "8.4"]
[White "Nur-Mukhametova, Alisa"]
[Black "Savitha Shri B"]
[Result "1/2-1/2"]
[ECO "B53"]
[WhiteElo "1983"]
[BlackElo "2144"]
[Annotator "NA"]
[PlyCount "97"]
[EventDate "2019.06.02"]
[EventType "team-tourn"]
[EventCountry "RUS"]
[SourceTitle "playchess.com"]
[Source "ChessBase"]
[SourceQuality "1"]
[WhiteTeam "Russia"]
[BlackTeam "India"]
[WhiteTeamCountry "RUS"]
[BlackTeamCountry "IND"]
[TimeControl "5400+30"]

1. e4 c5 2. Nf3 d6 3. d4 Nf6 4. Nc3 cxd4 5. Qxd4 Nc6 6. Bb5 Bd7 7. Bxc6 Bxc6 8. Bg5 e6 9. O-O-O Be7 10. Rhe1 O-O 11. Kb1 Qa5 12. Qd2 Qc7 13. Nd4 Rac8 14. f3 a6 15. g4 b5 16. h4 b4 17. Nce2 a5 18. Ng3 a4 19. Nh5 Nxh5 20. gxh5 Bxg5 21. hxg5 Bd7 22. Rc1 Qb7 23. h6 g6 24. Qf4 f6 25. Qxd6 e5 26. Ne2 Rc6 27. Qd2 Be6 28. gxf6 Bc4 29. b3 Be6 30. f4 Ra6 31. f5 Bf7 32. Rcd1 axb3 33. cxb3 Qxe4+ 34. Qd3 Qxd3+ 35. Rxd3 Rxf6 36. Ng3 gxf5 37. Rxe5 Bg6 38. Rf3 f4+ 39. Ne4 Rf5 40. Re6 Kf7 41. Rb6 Re5 42. Rxf4+ Kg8 43. Rxg6+ hxg6 44. h7+ Kxh7 45. Rxf8 Rxe4 46. Kc2 Rd4 47. a4 bxa3 48. Ra8 g5 49. Kc3 1/2-1/2